 Dungeon Crawl Stone Soup version 0.30.1-11-g7821555f0a (webtiles) character file.

Game seed: 15411701557164757553

78 jagang the Trooper (level 4, -4/37 HPs)
             Began as a Human Monk on Dec 26, 2023.
             Slain by Grinder (10 damage)
             ... on level 3 of the Dungeon.
             The game lasted 00:03:28 (1343 turns).

jagang the Trooper (Human Monk)                     Turns: 1343, Time: 00:03:29

Health: -4/37      AC: 11    Str: 16    XL:     4   Next: 61%
Magic:  4/4        EV:  6    Int: 10    God:
Gold:   112        SH:  7    Dex: 17    Spells: 3/3 levels left

rFire   x . .        t - +7 hand axe of Beyond {heavy, rF- Str+4}
rCold   . . .        i - +0 kite shield
rNeg    . . .        r - +0 shadow dragon scales
rPois   .            (no helmet)
rElec   .            (no cloak)
rCorr   .            (no gloves)
SInv    .            (no boots)
Will    +....        (no amulet)
Stlth   +++          m - ring of willpower
HPRegen 0.26/turn    (no ring)
MPRegen 0.09/turn

%: no passive effects
@: no status effects
A: no striking features
a: no special abilities


You were on level 3 of the Dungeon.
You visited 1 branch of the dungeon, and saw 3 of its levels.

You collected 112 gold pieces.

Inventory:

Hand Weapons
 a - a +0 falchion
 t - the +7 hand axe of Beyond (weapon) {heavy, rF- Str+4}
   (You found it on level 2 of the Dungeon)

   Str:       It affects your strength (+4).
   rF:        It makes you vulnerable to fire.
Missiles
 k - 5 poisoned darts (quivered)
 q - 3 javelins
Armour
 d - an orb of light
 i - a +0 kite shield (worn)
 j - a +0 ring mail
 r - +0 shadow dragon scales (worn)
Jewellery
 m - a ring of willpower (left hand)
Scrolls
 b - a scroll of summoning {unknown}
 e - a scroll of enchant armour {unknown}
 f - 4 scrolls of vulnerability {unknown}
 h - a scroll of identify {unknown}
 l - a scroll of noise {unknown}
 o - 2 scrolls of magic mapping {unknown}
Potions
 c - a potion of ambrosia
 g - a potion of lignification {unknown}
 n - 3 potions of mutation {unknown}
 p - a potion of curing {unknown}
 s - 2 potions of flight {unknown}


   Skills:
 + Level 3.8 Fighting
 + Level 3.6 Long Blades
 + Level 0.6 Throwing
 + Level 1.7 Armour
 - Level 3.0 Dodging
 + Level 0.2 Shields


You had 3 spell levels left.
You didn't know any spells.
Your spell library was empty.

Dungeon Overview and Level Annotations

Branches:
Dungeon (3/15)

Altars:

Annotations:
D:3 Grinder


Message History

The giant cockroach closely misses you.
The giant cockroach bites you but does no damage.
You slash the giant cockroach!
You kill the giant cockroach!
No target in view!
HP restored.
Found a stone staircase leading down.
There is a stone staircase leading down here.
You see here 2 boomerangs.
A kobold comes into view. It is wielding a +0 short sword.
The kobold shouts!
The kobold throws a stone.
You block the stone.
You slash the kobold!
You kill the kobold!
No target in view!
No target in view!
Grinder comes into view.
Grinder shouts!
You hit Grinder but do no damage. You block Grinder's attack. x2
You slash Grinder!
Grinder is heavily wounded.
Grinder hits you but does no damage.
Grinder drinks a potion.
Grinder seems to grow stronger.
You slash Grinder!
Grinder is severely wounded.
Grinder hits you but does no damage.
Grinder blinks!
Grinder says, "DUCK!"
Grinder gestures at you. You resist with some effort.
You barely miss Grinder.
Grinder is severely wounded.
Grinder hits you!
You writhe in agony.
Grinder hits you!
* * * LOW HITPOINT WARNING * * *
You writhe in agony.
* * * LOW HITPOINT WARNING * * *
Grinder hits you but does no damage.
You closely miss Grinder.
Grinder is severely wounded.
Grinder hits you!
You die...

............##
..............#####
....#######.#.#...#
###.# #.#.....# #.#
#.##....#
###.#######.##....#####
.......................
###.###########....###
#.# #.@..# #)# #..5..#
#.# ####..# #.# ..# #.#
.# #.# .. #.# .. #.#
...


You could see Grinder (strong).

Vanquished Creatures
  3 adders
  A dart slug (D:2)
  2 ball pythons
  5 bats
  3 endoplasms
  3 giant cockroaches
  4 goblins
  4 hobgoblins
  3 jackals (D:1)
  8 kobolds
  3 quokkas
  3 frilled lizards
  4 rats
46 creatures vanquished.

Notes
Turn   | Place    | Note
-------+----------+-------------------------------------------
     0 | D:1      | jagang the Human Monk began the quest for the Orb.
     0 | D:1      | Reached XP level 1. HP: 18/18 MP: 1/1
   211 | D:1      | Reached XP level 2. HP: 17/24 MP: 2/2
   363 | D:1      | Found a faded altar of an unknown god.
   392 | D:1      | Reached skill level 1 in Armour
   457 | D:1      | Reached XP level 3. HP: 24/29 MP: 3/3
   992 | D:2      | Reached XP level 4. HP: 36/36 MP: 4/4
  1078 | D:2      | Identified the +7 hand axe of Beyond {heavy, rF- Str+4}
  1331 | D:3      | Noticed Grinder
  1343 | D:3      | Slain by Grinder

Illustrated notes

Levels and vault maps discovered:
D:1:      amcnicky_arrival_abandoned_market, layout_loops_ring,
          chequers_ecumenical_altar_simple, hangedman_glass_teeth, minmay_vboxes
D:2:      layout_rooms
D:3:      layout_basic, ebering_ghost_disaster_area, uniq_grinder

Skill      XL: |  1  2 |
---------------+-------+-----
Armour         | 1 |  1.7
Fighting       | |  3.8
Long Blades    | |  3.6
Throwing       | |  0.6
Dodging        | |  3.0
Shields        | |  0.2

Action                     |  1- 3 |  4- 6 || total
---------------------------+-------+-------++-------
  Melee: Falchion          |    99 |    16 ||   115
         Hand axe          |       |    17 ||    17
   Stab: Sleeping          |       |     1 ||     1
 Armour: Robe              |     7 |       ||     7
         Ring mail         |    20 |    12 ||    32
         Shadow dragon sca |       |    15 ||    15
  Dodge: Dodged            |    72 |    18 ||    90
  Block: Kite shield       |       |     6 ||     6
